 Dungeon Crawl Stone Soup version 0.30-a0-1066-g63dfefce0d (webtiles) character file.

Game seed: 9382060853672984796

27 MachoJfn the Insei (level 3, -10/27 HPs)
             Began as a Djinni Transmuter on Apr 12, 2023.
             Killed by an exploding dart slug (13 damage)
             ... ignited by their inner flame
             ... on level 1 of the Dungeon.
             The game lasted 00:01:54 (465 turns).

MachoJfn the Insei (Djinni Transmuter)               Turns: 465, Time: 00:01:55

Health: -10/27     AC:  2    Str: 11    XL:     3   Next: 25%
Gold:   19         EV: 12    Int: 14    God:
                   SH:  0    Dex: 13

rFire   + + .      SeeInvis .      - Unarmed
rCold   x . .      Faith    .    (no shield)
rNeg    . . .      Spirit   .    a - +0 robe
rPois   ∞          Reflect  .    (no helmet)
rElec   .          Rampage  .    (no cloak)
rCorr   .                        (no gloves)
Will    .....                    (boots unavailable)
Stlth   +                        (no amulet)
HPRegen 0.24/turn                (no ring)
MPRegen 0.00/turn                (no ring)

@: flying
A: sickness immunity, fire resistance 2, cold vulnerability 1, float, innate
caster, HP casting, extra vitality 1
a: no special abilities


You were on level 1 of the Dungeon.
You visited 1 branch of the dungeon, and saw 1 of its levels.

You collected 19 gold pieces.

Inventory:

Armour
 a - a +0 robe (worn)
Scrolls
 b - 2 scrolls of immolation
 c - a scroll of magic mapping {unknown}


   Skills:
 + Level 1.0 Fighting
 + Level 2.6 Dodging
 + Level 3.7 Unarmed Combat
 + Level 1.8 Spellcasting


You knew the following spells:

 Your Spells              Type           Power      Damage    Failure   Level
a - Beastly Appendage     Tmut           12%        N/A       12%         1
b - Wereblood             Tmut           6%         N/A       17%         2
c - Spider Form           Tmut/Pois      6%         N/A       34%         3
d - Ice Form              Ice/Tmut       6%         N/A       75%         4
e - Necrotise             Necr           24%        1d5       12%         1
Your spell library was empty.

Dungeon Overview and Level Annotations

Branches:
Dungeon (1/15)

Altars:


Innate Abilities, Weirdness & Mutations

You are immune to sickness and miasma.
You are immune to poison.
Your flesh is very heat resistant. (rF++)
You are vulnerable to cold. (rC-)
You float through the air rather than walking.
You learn spells naturally, not from books.
Your magical power is your life essence.
You have superior vitality. (+4 MHP)


Message History

You hit the hobgoblin but do no damage. You headbutt the hobgoblin.
You kill the hobgoblin!
You punch the frilled lizard!
You kill the frilled lizard!
The dart slug launches a dart at you. The slug dart hits you.
* * * LOW HITPOINT WARNING * * *
The dart slug bites you.
* * * LOW HITPOINT WARNING * * *
Things that are here:
a +0 club; a frilled lizard corpse; a goblin corpse You hit the dart slug.
The dart slug is lightly wounded.
You hit the dart slug.
The dart slug is heavily wounded.
Your transformation is almost over.
The dart slug bites you but does no damage.
You hit the dart slug. You headbutt the dart slug.
You kill the dart slug!
A dart slug comes into view.
The dart slug launches a dart at you. The slug dart hits you.
* * * LOW HITPOINT WARNING * * *
You see here a dart slug corpse.
As you read the scroll labelled COR GISHRYPHO, it crumbles to dust.
The creatures around you are filled with an inner flame!
It was a scroll of immolation.
A dart slug is nearby!
Your horns disappear.
The dart slug launches a dart at you.
The slug dart hits you but does no damage.
You see here 9 gold pieces.
You hit the dart slug.
Flame seeps out of the dart slug.
The dart slug is heavily wounded.
You hit the dart slug.
Flame seeps out of the dart slug.
The dart slug is severely wounded.
The dart slug is engulfed in blazing flames.
The dart slug explodes!
The fiery explosion engulfs you! You resist.
You die...

#..[...≈≈..#
#......#~#.##########
#......#.#.#.........
#......#...#.........
#.......#..#.........
#....^....##†........
#.......>..).§§§.....
############.§○§.....
#.@§§..... #.........
#......... #.........
###.###### .# .# ##


There were no monsters in sight!

Vanquished Creatures
  3 dart slugs (D:1)
  An endoplasm (D:1)
  2 giant cockroaches (D:1)
  3 goblins (D:1)
  3 hobgoblins (D:1)
  3 jackals (D:1)
  2 quokkas (D:1)
  A bat (D:1)
  2 frilled lizards (D:1)
  A rat (D:1)
21 creatures vanquished.

Notes
Turn   | Place    | Note
-------+----------+-------------------------------------------
     0 | D:1      | MachoJfn the Djinni Transmuter began the quest for the Orb.
     0 | D:1      | MachoJfn set off with the following spells memorised:
                  | Beastly Appendage, Wereblood, Spider Form, Ice Form.
     0 | D:1      | Reached XP level 1. HP: 17/17 MP: 0/0
    86 | D:1      | Reached XP level 2. HP: 14/22 MP: 0/0
   439 | D:1      | Reached XP level 3. HP: 15/27 MP: 0/0
   439 | D:1      | Learned a level 1 spell: Necrotise
   456 | D:1      | HP: 1/27 [dart slug/slug dart (4)]
   465 | D:1      | Killed by an exploding dart slug... ignited by their inner
                  | flame

Illustrated notes

Levels and vault maps discovered:
D:1:      psy_arrival_fountain, layout_basic, chequers_serial_rivers_small_b,
          minmay_pentomino_q2

Action                     || total
---------------------------++-------
  Melee: Unarmed           ||    85
         Headbutt          ||     8
   Cast: Beastly Appendage ||     8
    Use: Potion            ||     1
         Scroll            ||     2
 Armour: Robe              ||    21
         Skin              ||     1
  Dodge: Dodged            ||    51

Table legend: (Time is in decaauts)
 A = Elapsed time spent in this place.
 B = Non-inter-level travel time spent in this place.
 C = Inter-level travel time spent in this place.
 D = Time resting spent in this place.
 E = Time spent auto-exploring this place.
 F = Levels seen in this place.
 G = Mean time per level.
                   A        B        C        D        E       F      G
               +--------+--------+--------+--------+--------+-----+--------+
         Total |    460 |    425 |     35 |     66 |    206 |   1 |  460.0 |
       Dungeon |    460 |    425 |     35 |     66 |    206 |   1 |  460.0 |
               +--------+--------+--------+--------+--------+-----+--------+

Top non-repeatable levels by time:
     D:1: 460 daAuts
